 Dungeon Crawl Stone Soup version 0.19.1 (webtiles) character file.

13581 lorenzova the Thaumaturge (level 11, -11/60 HPs)
             Began as a Deep Elf Conjurer on Nov 28, 2016.
             Was an Elder of Vehumet.
             Killed from afar by a storm dragon (35 damage)
             ... with a bolt of lightning
             ... on level 12 of the Dungeon.
             The game lasted 00:33:19 (16096 turns).

lorenzova the Thaumaturge (Deep Elf Conjurer)      Turns: 16096, Time: 00:33:20

Health: -11/60     AC: 13    Str:  5    XL:     11   Next: 77%
Magic:  15/31      EV: 11    Int: 24    God:    Vehumet [****..]
Gold:   507        SH:  7    Dex: 15    Spells: 3 memorised, 28 levels left

rFire  + + .     SeeInvis .     B - staff of energy
rCold  x . .     Gourm    +     U - +1 ring mail {rF+}
rNeg   . . .     Faith    .     p - +2 buckler
rPois  .         Spirit   .     (no helmet)
rElec  .         Reflect  .     (no cloak)
rCorr  .         Harm     .     k - +2 pair of gloves
MR     ++...                    f - +2 pair of boots {Fly}
Stlth  +.........               y - amulet of the gourmand
                                R - ring of fire
                                C - ring of protection from magic

@: flying, very slightly contaminated
A: no striking features
a: Renounce Religion, Stop Flying


You were on level 12 of the Dungeon.
You worshipped Vehumet.
Vehumet was greatly pleased with you.
You were very full.

You visited 2 branches of the dungeon, and saw 13 of its levels.

You collected 715 gold pieces.
You spent 208 gold pieces at shops.

Inventory:

Hand Weapons
 h - a +2 dagger of venom
 l - a +1 hand axe of freezing
 n - a +1 short sword
Armour
 a - a +0 robe
 e - a +1 leather armour of cold resistance
 f - a +2 pair of boots of flying (worn)
 i - a +1 leather armour of cold resistance
 k - a +2 pair of gloves (worn)
 p - a +2 buckler (worn)
 U - a +1 ring mail of fire resistance (worn)
Magical Staves
 B - an uncursed staff of energy (weapon)
Jewellery
 y - an amulet of the gourmand (around neck)
 C - a ring of protection from magic (left hand)
 E - an uncursed ring of flight
 R - a ring of fire (right hand)
Wands
 j - a wand of paralysis (17/24)
 m - a wand of random effects (22/48)
 w - a wand of flame (34/48)
 H - a wand of confusion (29/48)
 I - a wand of disintegration (10/24)
 O - a wand of iceblast (3/15)
 T - a wand of disintegration (18/24)
 W - a wand of flame (21/48)
Scrolls
 d - 6 scrolls of magic mapping
 r - 2 scrolls of teleportation {unknown}
 t - a scroll of recharging {unknown}
 u - 4 scrolls of remove curse
 D - a scroll of noise {unknown}
 F - a scroll of vulnerability {unknown}
 G - a scroll of summoning {unknown}
 M - a scroll of fear {unknown}
 Q - 3 scrolls of amnesia {unknown}
 S - a scroll of blinking {unknown}
Potions
 q - 2 potions of mutation
 s - 2 potions of brilliance
 v - 2 potions of cure mutation
 x - a potion of flight
 A - 6 potions of curing
 J - a potion of agility
 K - 3 potions of heal wounds
 L - a potion of lignification
 P - a potion of haste
Books
 b - a book of Conjurations

   Spells                             Type                      Level
   a - Magic Dart                     Conjuration                  1
   b - Searing Ray                    Conjuration                  2
   c - Dazzling Spray                 Conjuration/Hexes            3
   d - Fulminant Prism                Conjuration/Hexes            4
   e - Iskenderun's Mystic Blast      Conjuration                  4
   f - Iskenderun's Battlesphere      Conjuration/Charms           5
 X - a book of Power

   Spells                             Type                      Level
   a - Fulminant Prism                Conjuration/Hexes            4
   b - Iskenderun's Mystic Blast      Conjuration                  4
   c - Venom Bolt                     Conjuration/Poison           5
   d - Bolt of Magma                  Conjuration/Fire/Earth       5
   e - Iron Shot                      Conjuration/Earth            6
   f - Orb of Destruction             Conjuration                  7
   g - Spellforged Servitor           Conjuration/Summoning        7
Comestibles
 c - 14 bread rations
 g - 2 beef jerkies
 z - 4 meat rations
 N - a fruit
 V - a slice of pizza


   Skills:
 + Level 3.0 Fighting
 - Level 3.5 Armour
 + Level 5.0 Dodging
 - Level 2.4 Stealth
 - Level 4.0 Shields
 * Level 14.3 Spellcasting
 * Level 12.8 Conjurations
 - Level 8.2 Charms


You had 28 spell levels left.
You knew the following spells:

 Your Spells              Type           Power        Failure   Level  Hunger
a - Magic Dart            Conj           ####         1%          1    None
b - Iskenderun's Battles  Conj/Chrm      ######..     1%          5    None
c - Iskenderun's Mystic   Conj           ######..     1%          4    None


Dungeon Overview and Level Annotations

Branches:
Dungeon (12/15)            Temple (1/1) D:6            Lair (0/6) D:11
    Orc (0/2) D:9

Altars:
Ashenzari
Dithmenos
Elyvilon
Fedhas
Hepliaklqana
Nemelex Xobeh
Okawaru
Qazlal
Sif Muna
Uskayaw
Vehumet
Xom
Yredelemnul
Zin
Beogh

Shops:
D:9 !

Annotations:
D:12 2 exclusions


Message History

The storm dragon bites you but does no damage.
The storm dragon closely misses you.
The storm dragon tramples you but does no damage.
The storm dragon breathes lightning at you.
The bolt of lightning misses you.
The storm dragon breathes lightning at you.
The bolt of lightning hits you!
Found 30 gold pieces, a ring mail and a glowing hunting sling.
You flicker for a moment.
The storm dragon breathes lightning at you.
The bolt of lightning misses you.
The storm dragon breathes lightning at something.
You flicker back into view.
The cyan ugly thing gurgles horribly!
The storm dragon breathes lightning at you.
The bolt of lightning hits you!
The storm dragon breathes lightning at you.
The bolt of lightning hits you!
Ouch! That really hurt!
You die...

#.##.......≈≈≈##....##≈≈≈.#
#.##.......≈≈##......##Y≈.#
#.##.......≈≈#..##'#..#≈≈.#
####.##.......≈Y#..#u$#..#≈≈.#
.........#####≈D#..#)$#./#≈≈.#
####§..#.# #≈≈#.!####..#≈≈##
...'...#.## #≈≈##......##≈≈#
####...#..# #≈≈≈##....##≈≈≈#
######.# #.≈@8##''##8≈≈## #.##
#)≈≈≈.8..8.≈≈≈# #†.#
#.#≈≈≈....≈≈≈##
##†###.##≈≈≈<>≈≈≈##
#...##[###≈≈≈≈≈≈## #.#.##)#
##≈≈≈≈Y# +.#..#.# #.###.#
####.#.# #.....#
####...#######.##


You could see a storm dragon, a yak and an ice beast.

Vanquished Creatures
  The ghost of Swippen the Cleaver, a novice DDFi of Makhleb (D:10)
  3 hill giants
  An orc knight (D:10)
  Pikel (D:9)
  2 ugly things
  A kobold demonologist (D:11)
  A troll (D:11)
  A two-headed ogre (D:10)
  A hippogriff (D:8)
  A slime creature (D:11)
  A spriggan (D:7)
  6 yaks (D:12)
  Grum (D:9)
  2 hungry ghosts
  A human (D:6)
  Menkaure (D:5)
  2 slaves (D:9)
  A sky beast (D:5)
  An ice beast (D:5)
  4 orc warriors
  A necrophage (D:9)
  5 ogres
  3 black bears
  4 phantoms
  4 wolves (D:9)
  8 centaurs
  2 crocodiles
  3 big kobolds
  5 bullfrogs
  A gnoll sergeant (D:9)
  A wyvern skeleton (D:7)
  3 scorpions
  20 killer bees
  3 howler monkeys
  An electric eel (D:12)
  A centaur zombie (D:9)
  7 crimson imps
  2 bullfrog zombies
  7 hounds
  4 jellies
  A bullfrog skeleton (D:4)
  13 orc priests
  2 centaur skeletons
  Ijyb (D:2)
  3 iguanas
  15 orc wizards
  5 worker ants
  A hound zombie (D:10)
  2 hound skeletons
  Robin (D:4)
  3 worker ant zombies
  12 gnolls
  9 adders
  2 shadow imps
  2 adder skeletons
  An adder zombie (D:7)
  2 worms
  2 dart slugs
  7 leopard geckos
  61 orcs
  A ball python (D:4)
  3 giant cockroaches
  18 goblins
  12 hobgoblins
  7 jackals
  5 quokkas
  14 bats
  6 frilled lizards
  A jackal zombie (D:6)
  25 kobolds
  A kobold skeleton (D:6)
  10 rats
366 creatures vanquished.

Vanquished Creatures (others)
  A slave (D:9)
  A bullfrog zombie (D:9)
  A gnoll (D:9)
  An orc (D:9)
  A quokka (D:9)
5 creatures vanquished.

Grand Total: 371 creatures vanquished

Notes
Turn   | Place    | Note
-------+----------+-------------------------------------------
     0 | D:1      | lorenzova the Deep Elf Conjurer began the quest for the Orb.
     0 | D:1      | Reached XP level 1. HP: 10/10 MP: 6/6
   266 | D:1      | Reached XP level 2. HP: 15/15 MP: 5/8
   391 | D:1      | Reached skill level 5 in Conjurations
   608 | D:1      | Reached XP level 3. HP: 19/19 MP: 7/10
   772 | D:1      | Reached skill level 4 in Spellcasting
  1531 | D:2      | Reached XP level 4. HP: 24/24 MP: 8/12
  1537 | D:2      | Learned a level 4 spell: Iskenderun's Mystic Blast
  1542 | D:2      | Found a faded altar of an unknown god.
  1586 | D:2      | Noticed Ijyb
  1595 | D:2      | Killed Ijyb
  1700 | D:2      | Reached skill level 5 in Spellcasting
  1758 | D:2      | Found an iron altar of Okawaru.
  2025 | D:2      | Found a shadowy altar of Dithmenos.
  2202 | D:3      | Reached XP level 5. HP: 24/28 MP: 8/14
  2892 | D:4      | Noticed Robin
  2898 | D:4      | Killed Robin
  2898 | D:4      | Reached skill level 6 in Spellcasting
  3122 | D:4      | Reached XP level 6. HP: 32/32 MP: 12/17
  3129 | D:4      | Learned a level 5 spell: Iskenderun's Battlesphere
  3254 | D:4      | Reached skill level 1 in Charms
  3585 | D:4      | Reached skill level 7 in Spellcasting
  3738 | D:4      | Found a stormy altar of Qazlal.
  3974 | D:4      | Reached XP level 7. HP: 28/36 MP: 2/19
  4376 | D:5      | Entered Level 5 of the Dungeon
  4376 | D:5      | Noticed Menkaure
  4378 | D:5      | Killed Menkaure
  4499 | D:5      | Found a shimmering altar of Xom.
  4501 | D:5      | Found a blossoming altar of Fedhas.
  4501 | D:5      | Found a hazy altar of Hepliaklqana.
  4503 | D:5      | Found a sparkling altar of Nemelex Xobeh.
  4503 | D:5      | Found a glowing silver altar of Zin.
  4503 | D:5      | Found a shimmering altar of Xom.
  4627 | D:5      | Reached skill level 8 in Spellcasting
  5035 | D:5      | Reached XP level 8. HP: 37/41 MP: 6/22
  5550 | D:5      | Reached skill level 9 in Spellcasting
  5810 | D:6      | Reached skill level 5 in Charms
  6883 | D:6      | Found a staircase to the Ecumenical Temple.
  6955 | Temple   | Entered the Ecumenical Temple
  6963 | Temple   | Became a worshipper of Vehumet
  7052 | D:6      | Noticed a cyan ugly thing
  7058 | D:6      | Killed a cyan ugly thing
  7058 | D:6      | Reached skill level 10 in Spellcasting
  7058 | D:6      | Reached XP level 9. HP: 45/45 MP: 2/25
  7268 | D:6      | Found a runed door.
  7271 | D:6      | Found a basalt altar of Yredelemnul.
  7752 | D:7      | Reached skill level 10 in Conjurations
  8054 | D:7      | Found a deep blue altar of Sif Muna.
  8162 | D:7      | Reached skill level 11 in Spellcasting
  8163 | D:7      | Found a sparkling altar of Nemelex Xobeh.
  8353 | D:7      | Reached * piety under Vehumet
  8353 | D:7      | Offered knowledge of Flame Tongue by Vehumet.
  8744 | D:8      | Found a hide-covered altar of Uskayaw.
  9076 | D:8      | Reached skill level 12 in Spellcasting
  9131 | D:8      | Reached XP level 10. HP: 50/50 MP: 17/28
  9749 | D:8      | Reached skill level 1 in Shields
  9791 | D:9      | Noticed Pikel
  9810 | D:9      | Offered knowledge of Throw Frost by Vehumet.
  9811 | D:9      | Reached ** piety under Vehumet
  9847 | D:9      | Noticed Grum
 10115 | D:9      | Reached skill level 1 in Armour
 10121 | D:9      | Killed Pikel
 10232 | D:9      | Found a staircase to the Orcish Mines.
 10776 | D:9      | Offered knowledge of Static Discharge by Vehumet.
 10959 | D:9      | Killed Grum
 11083 | D:9      | Found a white marble altar of Elyvilon.
 11186 | D:9      | Found Vafetoq's Distillery.
 11194 | D:9      | Bought a potion of curing for 48 gold pieces
 11194 | D:9      | Bought a potion of haste for 160 gold pieces
 11288 | D:10     | Entered Level 10 of the Dungeon
 11295 | D:10     | Noticed a hill giant
 11301 | D:10     | Killed a hill giant
 11386 | D:10     | Reached *** piety under Vehumet
 11389 | D:10     | Noticed Swippen's ghost (novice DDFi)
 12613 | D:10     | Found a runed door.
 12927 | D:10     | Killed Swippen's ghost
 12927 | D:10     | Reached skill level 13 in Spellcasting
 12927 | D:10     | Reached XP level 11. HP: 55/55 MP: 7/30
 13164 | D:10     | Offered knowledge of Inner Flame by Vehumet.
 13206 | D:10     | Reached skill level 1 in Fighting
 13438 | D:10     | Noticed a hill giant
 13442 | D:10     | Killed a hill giant
 13832 | D:10     | Reached **** piety under Vehumet
 13964 | D:10     | Noticed an orc knight
 14154 | D:10     | Killed an orc knight
 14219 | D:10     | Found a roughly hewn altar of Beogh.
 14443 | D:11     | Offered knowledge of Lightning Bolt by Vehumet.
 14556 | D:11     | Noticed a brown ugly thing
 14560 | D:11     | Killed a brown ugly thing
 14796 | D:11     | Found a blossoming altar of Fedhas.
 14964 | D:11     | Noticed a hill giant
 14969 | D:11     | Killed a hill giant
 14969 | D:11     | Reached skill level 14 in Spellcasting
 15384 | D:11     | Found a staircase to the Lair.
 15836 | D:12     | Noticed a storm dragon
 15836 | D:12     | Noticed a cyan ugly thing
 16012 | D:12     | Reached skill level 5 in Dodging
 16096 | D:12     | Killed from afar by a storm dragon

Skill      XL: |  1  2  3  4  5  6  7  8  9 10 11 |
---------------+----------------------------------+-----
Conjurations   | 5 6 7 8 9 11 12 | 12.8
Spellcasting   | 4 5 6 7 8 10 12 13 14 | 14.3
Charms         | 2 4 6 8 |  8.2
Shields        | 4 |  4.0
Armour         | 3 |  3.5
Dodging        | 3 5 |  5.0
Fighting       | 3 |  3.0
Stealth        | |  2.4

Action                   |  1- 3 |  4- 6 |  7- 9 | 10-12 || total
-------------------------+-------+-------+-------+-------++-------
Melee: Unarmed           |     4 |       |       |       ||     4
       Hand axe          |       |     9 |       |       ||     9
       Staff             |       |       |       |     2 ||     2
 Cast: Magic Dart        |    75 |   167 |   201 |   212 ||   655
       Iskenderun's Myst |       |     6 |    58 |   126 ||   190
       Iskenderun's Batt |       |       |    15 |    51 ||    66
  Use: Scroll            |       |     7 |     3 |     5 ||    15
       Potion            |       |       |       |     1 ||     1
 Stab: Sleeping          |       |     1 |       |       ||     1
  Eat: Chunk             |     1 |     5 |    27 |    20 ||    53
       Fruit             |       |     3 |       |       ||     3
       Royal jelly       |       |       |     1 |       ||     1
Armor: Robe              |     4 |    19 |    12 |       ||    35
       Leather armour    |       |       |     6 |    13 ||    19
       Ring mail         |       |       |       |     4 ||     4
Dodge: Dodged            |     6 |    34 |    34 |    46 ||   120
Block: Buckler           |       |       |     7 |    21 ||    28
